 Dungeon Crawl Stone Soup version 0.19-a0-1855-gb7442ac (webtiles) character file.

111 graki42 the Covered (level 4, -5/41 HPs)
             Began as a Minotaur Fighter on Oct 11, 2016.
             Slain by a centaur (7 damage)
             ... on level 3 of the Dungeon.
             The game lasted 00:04:35 (1573 turns).

graki42 the Covered (Minotaur Fighter)              Turns: 1573, Time: 00:04:35

Health: -5/41      AC:  7    Str: 21    XL:     4   Next: 62%
Magic:  3/3        EV:  7    Int:  5    God:
Gold:   73         SH:  9    Dex: 10    Spells: 0 memorised, 3 levels left

rFire  . . .     SeeInvis .     h - -3 whip
rCold  . . .     Gourm    .     b - +0 scale mail
rNeg   . . .     Faith    .     c - +0 shield
rPois  .         Spirit   .     (helmet restricted)
rElec  .         Dismiss  .     (no cloak)
rCorr  .         Reflect  .     (no gloves)
MR     .....     Harm     .     (no boots)
Stlth  ..........               (no amulet)
                                (no ring)
                                (no ring)

@: no status effects
A: retaliatory headbutt, horns 2
a: no special abilities


You were on level 3 of the Dungeon.
You were hungry.

You visited 1 branch of the dungeon, and saw 3 of its levels.

You collected 73 gold pieces.

Inventory:

Hand Weapons
 a - a +0 flail
 h - a -3 whip (weapon)
Armour
 b - a +0 scale mail (worn)
 c - a +0 shield (worn)
Scrolls
 e - a scroll of identify {unknown}
 g - a scroll of random uselessness {unknown}
 j - a scroll of blinking {unknown}
 n - a scroll of remove curse
 o - a scroll of teleportation {unknown}
 r - a scroll of enchant weapon {unknown}
 s - a scroll of amnesia {unknown}
Potions
 d - 2 potions of might
 k - 2 potions of brilliance {unknown}
 l - 2 potions of curing
 m - a potion of heal wounds {unknown}
 q - 2 potions of mutation {unknown}
Comestibles
 f - a bread ration
 i - 3 meat rations
 p - 3 fruits


   Skills:
 + Level 4.4 Fighting
 + Level 3.6 Maces & Flails
 + Level 4.5 Armour
 + Level 0.4 Dodging
 + Level 4.4 Shields


You had 3 spell levels left.
You didn't know any spells.

Dungeon Overview and Level Annotations

Branches:
Dungeon (3/15)

Altars:

Annotations:
D:2 Ijyb


Innate Abilities, Weirdness & Mutations

You reflexively headbutt those who attack you in melee.
You have a pair of horns on your head.


Message History

You are too injured to fight recklessly!
You are too injured to fight recklessly!
You are too injured to fight recklessly!
You are too injured to fight recklessly!
You are too injured to fight recklessly!
You are too injured to fight recklessly!
You are too injured to fight recklessly!
You are too injured to fight recklessly!
Unknown command.
You completely miss the centaur. You headbutt the centaur.
The centaur is lightly wounded.
The centaur hits you!
* * * LOW HITPOINT WARNING * * *
You block the centaur's attack.
You closely miss the centaur.
The centaur is lightly wounded.
The centaur hits you.
* * * LOW HITPOINT WARNING * * *
The centaur hits you!
You die...

..##'##....##.....# ..
..#...'....##.#^..#
..#...#....##.#...#######
..#...#....##.....#.....#
..#...#....####.#.#.....#
#...#....'......#.....#
....#....#####.##.....#.#
.....#....# #.##........
.....<###### #@##(......#
#.c'.......# ####.......#
#.......# '.......#
#........ #.....#..
#######..


You could see a centaur.

Vanquished Creatures
  5 adders
  3 worms
  3 dart slugs (D:2)
  A leopard gecko (D:1)
  An orc (D:3)
  5 bats
  3 giant cockroaches
  8 goblins
  4 hobgoblins (D:1)
  2 quokkas
  5 frilled lizards
  7 kobolds
  6 rats
53 creatures vanquished.

Notes
Turn   | Place    | Note
-------+----------+-------------------------------------------
     0 | D:1      | graki42 the Minotaur Fighter began the quest for the Orb.
     0 | D:1      | Reached XP level 1. HP: 19/19 MP: 0/0
   119 | D:1      | Reached XP level 2. HP: 27/27 MP: 1/1
   594 | D:2      | Reached XP level 3. HP: 29/33 MP: 2/2
   795 | D:2      | Reached XP level 4. HP: 37/40 MP: 3/3
   819 | D:2      | Noticed Ijyb
  1560 | D:3      | Noticed a centaur
  1573 | D:3      | HP: 2/41 [centaur (2)]
  1573 | D:3      | Slain by a centaur

Vault maps used:
D:1:      kilobyte_arrival_exit_the_forest
D:2:      lemuel_upstairs_altar, uniq_iyjb

Skill      XL: |  1  2  3 |
---------------+----------+-----
Shields        | 4 |  4.4
Fighting       | 4 |  4.4
Maces & Flails | 3 |  3.6
Armour         | 4 |  4.5
Dodging        | |  0.4

Action                   |  1- 3 |  4- 6 || total
-------------------------+-------+-------++-------
Melee: Flail             |    29 |       ||    29
       Headbutt          |    23 |    20 ||    43
       Whip              |    68 |   123 ||   191
  Use: Scroll            |       |     1 ||     1
  Eat: Chunk             |       |     2 ||     2
Armor: Scale mail        |    42 |    43 ||    85
Dodge: Dodged            |    26 |    26 ||    52
Block: Shield            |    45 |    47 ||    92
